Construct Infanterie Kompanie
Construct Luftwaffe Kompanie
Selects Mechanized Battlegroup
Selects Wespe Self-propelled Artillery
Wespe Self-propelled Artillery
Wespe Self-propelled Artillery
Luftwaffe Officer Quarters
Wespe Self-propelled Artillery
Selects Zeroing Artillery Barrage
Construct Panzer Kompanie
Zeroing Artillery Barrage
Flak 30 Anti-aircraft Gun Team
Wespe Self-propelled Artillery
Zeroing Artillery Barrage
Selects StuG Assault Group
Selects UNKNOWN (2160084)
Zeroing Artillery Barrage